Cogmind - Beta 16 @@@ ROGUE MODE // 2025.11.04 @ 21:59:27 Player: opdo Result: Destroyed by Y-54 Guardian with Flak Gun Performance ------------- Evolutions (3) 1500 Regions Visited (8) 1600 Robots Destroyed (181) 905 Value Destroyed (5585) 5585 Prototype IDs (6) 120 Alien Tech Used (0) 0 Bonus (3585) 3585 TOTAL SCORE: 13295 Bonus ------- High Alert Combat Kills 1387 Follower Combat Kills 958 Entered Garrisons 400 Used RIF Installer 1000 Friendly Fire -160 Cogmind --------- Core Integrity 0/700 Matter 141/300 Energy 79/100 System Corruption 4% Temperature Cool (18) Movement Walking (125) Location -7/Garrison Parts ------- > --- POWER (2) -------- (None) > --- PROPULSION (4) --- Aluminum Leg Aluminum Leg Titanium Leg Titanium Leg > --- UTILITY (5) ------ Large Storage Unit Improved Targeting Computer > --- WEAPON (2) ------- Lance > --- INVENTORY (15) --- Aluminum Leg Aluminum Leg Improved Heat Sink Improved Terrain Scanner Advanced Terrain Scan Processor Relay Coupler [Grunt] (25) Relay Coupler [Brawler] (29) Wave Gun Wave Gun Quantum Rifle Autogun KE Penetrator Mini Assault Cannon Peak State ------------ > --- POWER ------------ Improved Deuterium Engine Micro Nuclear Core > --- PROPULSION ------- Carbon-fiber Leg Titanium Leg Titanium Leg Improved Titanium Leg > --- UTILITY ---------- Advanced Heat Sink Large Storage Unit Improved Targeting Computer Improved Reaction Control System Hacking Suite > --- WEAPON ----------- Remote Datajack Power Maul > --- INVENTORY -------- Carbon-fiber Leg Carbon-fiber Leg Titanium Leg Titanium Leg Improved Terrain Scanner Advanced Terrain Scan Processor Relay Coupler [Grunt] Relay Coupler [Brawler] Wave Gun Wave Gun Quantum Rifle Gauss Cannon Mini Assault Cannon Missile Launcher Precision Grenade Launcher [Rating: 51] Favorites ----------- Power Cooled Ion Engine Engine Cooled Ion Engine Power Core Light Nuclear Core Propulsion Light Treads Treads Light Treads Leg Titanium Leg Utility Improved Targeting Computer Device Structural Scanner Storage Medium Storage Unit Processor Improved Targeting Computer Hackware Hacking Suite Protection Hardened Light Armor Plating Weapon Improved Light Cannon Energy Gun Medium Laser Ballistic Gun Improved Assault Rifle Ballistic Cannon Improved Light Cannon Launcher Mini Grenade Launcher Special Weapon Remote Datajack Impact Weapon Flail Piercing Weapon Lance Build | -11 -10 -10 -9 -9 -9 -8 -7 -7 ------- Run | Yrd Mat Min Mat Sto Gar Mat Fac Gar Slots Evolved 6 | . . . 2 . . 2 2 . Power 1 | . . . . . . . 1 . Propulsion 2 | . . . 2 . . . . . Utility 3 | . . . . . . 2 1 . Weapon . | . . . . . . . . . Parts Attached 110 | 6 9 1 11 15 5 23 15 25 Power 15 | 1 2 1 2 1 1 1 2 4 Engine 9 | 1 2 . 2 1 1 . 1 1 Core 6 | . . 1 . . . 1 1 3 Reactor . | . . . . . . . . . Propulsion 45 | 2 1 . 7 8 4 10 6 7 Treads 23 | 2 1 . 6 7 4 2 . 1 Leg 22 | . . . 1 1 . 8 6 6 Wheel . | . . . . . . . . . Hover . | . . . . . . . . . Flight . | . . . . . . . . . Utility 20 | 1 2 . 1 . . 5 5 6 Device 8 | . . . . . . 1 2 5 Storage 3 | 1 1 . . . . 1 . . Processor 2 | . 1 . 1 . . . . . Hackware 1 | . . . . . . . 1 . Protection 6 | . . . . . . 3 2 1 Artifact . | . . . . . . . . . Weapon 30 | 2 4 . 1 6 . 7 2 8 Energy Gun 2 | 2 . . . . . . . . Energy Cannon . | . . . . . . . . . Ballistic Gun 10 | . . . . 3 . 5 . 2 Ballistic Cannon 7 | . 2 . 1 . . 1 1 2 Launcher 4 | . . . . 2 . . . 2 Special Weapon 3 | . 2 . . . . . . 1 Impact Weapon 3 | . . . . 1 . 1 1 . Slashing Weapon . | . . . . . . . . . Piercing Weapon 1 | . . . . . . . . 1 Special Melee Weapon . | . . . . . . . . . Unidentified Prototypes 4 | . . . . 1 . 1 1 1 Parts Lost 38 | . . . 2 . 7 4 2 23 Power 8 | . . . 1 . 1 . . 6 Propulsion 14 | . . . . . 4 3 . 7 Utility 9 | . . . . . . 1 2 6 Weapon 7 | . . . 1 . 2 . . 4 Highest Loss Streak 9 | . . . 1 . 3 2 2 9 To Critical Strikes . | . . . . . . . . . Average Backups 11 | 1 9 10 9 9 9 11 14 13 Power . | . 1 1 . 1 . . . . Propulsion 2 | 1 3 3 2 2 . 2 4 2 Utility 1 | . . 1 1 2 2 1 2 3 Weapon 5 | . 4 5 4 4 5 7 7 6 Tool/Special . | . . . . . . . . . Unused Backups 45 | . 6 . 4 3 1 8 11 12 Power 2 | . . . 1 1 . . . . Propulsion 14 | . 3 . 2 2 . 3 2 2 Utility 8 | . . . 1 . . 2 . 5 Weapon 19 | . 3 . . . 1 3 7 5 Tool/Special 2 | . . . . . . . 2 . Average Slot Usage (%) 95 | . 99 100 98 99 92 89 98 81 Engine 8 | . 14 6 6 11 11 7 6 1 Core 2 | . . 7 4 . . 1 7 6 Treads 23 | . 28 28 41 43 36 7 . 1 Leg 10 | . . . . . . 20 30 24 Device 2 | . . . . . . 6 7 7 Storage 10 | . 14 14 11 11 11 9 7 7 Processor 10 | . 13 14 11 11 11 9 7 7 Hackware 1 | . . . . . . . 6 3 Protection 2 | . . . . . . 9 6 3 Energy Gun 1 | . 10 . . . . . . . Ballistic Gun 5 | . . . . 13 9 11 5 1 Ballistic Cannon 9 | . 16 28 22 2 . 3 7 5 Launcher 1 | . . . . 1 7 . . . Impact Weapon 2 | . . . . 3 4 1 1 2 Peak Build Rating 51 | 6 10 12 16 18 18 32 46 51 Average Rating 21 | 4 9 11 14 16 15 24 42 38 On Entrance 17 | . 6 10 12 15 18 15 31 46 Avg Prop Armor Cover (%) 8 | . . . 4 . . 9 . 8 Naked Turns . | . . . . . . . . . Heaviest Build 56 | 11 21 23 25 25 24 46 53 56 Greatest Support 83 | 40 40 40 83 83 83 64 71 71 Greatest Overweight (x) 10 | . . . . . . 10 . 1 Average Overweight (x) . | . . . . . . . . . Largest Inventory Capacity 15 | 8 10 10 10 10 10 15 15 15 Average Capacity 11 | 6 9 10 10 10 10 12 15 15 Most Carried 15 | 4 10 10 10 10 10 15 15 15 Average Carried 11 | 1 9 10 9 9 9 11 14 13 Final Capacity 15 | 8 10 10 10 10 10 15 15 15 Final Carried 15 | 4 10 10 10 10 10 15 15 13 Class Distribution -------------------- 85% | Mutant 10% | Commander-Mutant 4% | Scavenger-Mutant Dominant Class ---------------- Mutant | -10/Materials Mutant | -10/Mines Mutant | -9/Materials Commander-Mutant | -9/Storage Mutant | -9/Garrison Mutant | -8/Materials Mutant | -7/Factory Mutant | -7/Garrison Resources | -11 -10 -10 -9 -9 -9 -8 -7 -7 ----------- Run | Yrd Mat Min Mat Sto Gar Mat Fac Gar Matter Collected 4038 | 171 262 92 563 604 475 978 294 599 Remotely . | . . . . . . . . . Salvage Created 4648 | . 394 126 541 1031 665 864 452 575 Parts 304 | . 36 5 45 76 45 48 9 40 Haulers Intercepted 9 | . 1 . 2 3 . 1 2 . Recyclers Shooed 6 | . . . 2 . . 3 1 . Parts Field Recycled . | . . . . . . . . . Retrieved Matter . | . . . . . . . . . Parts Self-Destructed . | . . . . . . . . . Prevented . | . . . . . . . . . Parts Restored . | . . . . . . . . . Kills | -11 -10 -10 -9 -9 -9 -8 -7 -7 ------- Run | Yrd Mat Min Mat Sto Gar Mat Fac Gar Combat Hostiles Destroyed 146 | . 13 4 25 20 27 25 5 27 Melee 8 | . . . . . . 1 1 6 Guns 43 | . 8 . . 5 13 13 1 3 Cannons 56 | . 5 4 25 3 . 8 3 8 AOE 37 | . . . . 11 13 3 . 10 Classes Destroyed 15 | . 5 . 2 5 1 2 . . Worker 5 | . 4 . . . . 1 . . Builder 6 | . . . . 5 . 1 . . Hauler 9 | . 1 . 2 3 . 1 2 . Recycler 3 | . . . 1 1 . . 1 . Mechanic 3 | . . . . 2 . . 1 . Operator 2 | . . . . 2 . . . . Watcher 4 | . 2 . 2 . . . . . Swarmer 54 | . 9 . 13 . 13 5 . 14 Grunt 60 | . 4 4 8 17 10 9 . 8 Brawler 2 | . . . . 2 . . . . Duelist 2 | . . . . . . 1 . 1 Protector 1 | . . . . 1 . . . . Sentry 25 | . . . 4 2 2 9 4 4 Hunter 1 | . . . . . . 1 . . Programmer 2 | . . . . . 1 . 1 . Thug 2 | . . . . . 2 . . . Best Kill Streak 10 | . 5 2 5 10 5 6 1 6 Combat Bots Only 8 | . 3 2 5 8 5 6 1 6 Max Kills in Single Turn 5 | . 2 1 2 5 2 2 1 3 Gunslinging . | . . . . . . . . . Exploded 3 | . . . . 2 2 2 . 3 Melee 1 | . . . . . . 1 1 1 Uniques/NPCs Destroyed . | . . . . . . . . . Combat | -11 -10 -10 -9 -9 -9 -8 -7 -7 -------- Run | Yrd Mat Min Mat Sto Gar Mat Fac Gar Hostile Shots Fired 967 | . 57 8 118 56 91 130 83 424 Missed 307 | . 14 3 37 20 16 44 24 149 Hits 660 | . 43 5 81 36 75 86 59 275 Melee 3 | . . . . . . . . 3 Projectile 657 | . 43 5 81 36 75 86 59 272 AOE 2 | . . . . . . . 2 . Critical Strikes 9 | . . . . 2 1 3 1 2 Damage Taken 8280 | . 384 71 848 516 1102 1331 698 3330 Core 1140 | . 58 . 160 67 66 85 84 620 Absorbed by Shields . | . . . . . . . . . Core Remaining (%) 71 | 100 . 76 . . 26 84 . . Volleys Fired 333 | . 40 9 61 48 49 67 12 47 Largest 2 | . 2 2 2 2 2 2 2 2 Hottest 100 | . 100 66 66 66 53 62 62 80 Shots Fired 625 | . 75 18 121 92 96 128 25 70 Gun 302 | . 44 . . 62 78 90 12 16 Cannon 266 | . 26 18 121 17 . 32 13 39 Launcher 51 | . . . . 13 18 6 . 14 Special 6 | . 5 . . . . . . 1 Kinetic 524 | . 26 18 121 79 78 122 25 55 Thermal 49 | . 49 . . . . . . . Explosive 51 | . . . . 13 18 6 . 14 Electromagnetic . | . . . . . . . . . Robot Hit Streak 27 | . 5 3 18 18 23 17 27 16 Robot Miss Streak 6 | . 4 2 2 3 2 5 3 6 Penetration Max 1 | . . . . . . . . 1 Secondary Targets 4 | . . . . 1 2 1 . . Max Gunslinging Chain 1 | . . . . 1 1 1 . . Shots Hit Robots 473 | . 38 8 86 64 65 117 30 65 Core Hits 301 | . 28 6 32 54 38 70 15 58 Critical Kills 1 | . . . . 1 . . . . Critical Parts Destroyed 5 | . . . . 3 . . 2 . Critical Strikes 19 | . . . 7 5 . 1 2 4 Destroy 1 | . . . . 1 . . . . Blast 11 | . . . 7 . . . . 4 Smash 7 | . . . . 4 . 1 2 . Melee Attacks 78 | . . . . 13 14 14 11 26 Impact 59 | . . . . 13 14 14 11 7 Slashing . | . . . . . . . . . Piercing 19 | . . . . . . . . 19 Sneak Attacks 8 | . . . . 3 1 . 4 . Combat Hostiles 1 | . . . . . 1 . . . Follow-up Attacks . | . . . . . . . . . Damage Inflicted 13384 | . 654 178 1851 2379 1849 2628 1069 2776 Guns 3569 | . 304 . . 672 897 1197 203 296 Cannons 4114 | . 329 164 1824 235 . 591 320 651 Explosions 3884 | . . . . 1149 859 486 . 1390 Melee 1678 | . . . . 308 93 323 515 439 Ramming 139 | . 21 14 27 15 . 31 31 . Kinetic 7379 | . 329 164 1824 907 897 1788 523 947 Thermal 304 | . 304 . . . . . . . Explosive 3884 | . . . . 1149 859 486 . 1390 Electromagnetic . | . . . . . . . . . Impact 1239 | . . . . 308 93 323 515 . Slashing . | . . . . . . . . . Piercing 439 | . . . . . . . . 439 Highest Corruption 6 | . . . 2 2 6 . 4 4 Average Corruption 3 | . . . 2 2 5 . 2 4 Corruption Purged . | . . . . . . . . . Corruption Blocked . | . . . . . . . . . Effects 72 | . . . 3 14 26 . 14 15 Message Errors 19 | . . . 2 5 7 . 2 3 Matter Fused 17 | . . . . 4 6 . 4 3 Heat Flow Errors 4 | . . . . . 2 . 2 . Energy Discharges 15 | . . . . 2 6 . 3 4 Parts Rejected 2 | . . . . 1 . . . 1 Parts Fused 1 | . . . . . . . . 1 Data Loss (minor) 7 | . . . 1 1 2 . 1 2 Data Loss (major) 3 | . . . . . 2 . 1 . Misfires 4 | . . . . 1 1 . 1 1 Overload Shots . | . . . . . . . . . Overflow Damage 683 | . . . 8 209 48 41 355 22 Projectiles 18 | . . . 8 10 . . . . Explosions 75 | . . . . . 48 26 . 1 Melee 590 | . . . . 199 . 15 355 21 Knockbacks 31 | . 1 . 14 1 . 7 2 6 Impact 3 | . . . . 1 . . 2 . Kinetic 25 | . 1 . 11 . . 7 . 6 Secondary 3 | . . . 3 . . . . . Self-Inflicted Damage 691 | . . . . 41 234 163 . 253 Shots 27 | . . . . 2 12 5 . 8 Rammed 26 | . 6 4 10 3 . 3 . . Targets Rammed 38 | . 6 4 11 5 . 7 5 . Kicked 8 | . . . . . . 3 5 . Crushed 4 | . . . 1 2 . 1 . . Highest Temperature 252 | . 252 45 51 20 187 222 206 198 Average Temperature 45 | . 57 19 14 9 64 41 80 58 Received Heat Transfer 2052 | . 63 42 213 228 207 450 120 729 Effects 1 | . 1 . . . . . . . Energy Bleed 1 | . 1 . . . . . . . Siege Activations . | . . . . . . . . . Martial Activations . | . . . . . . . . . Shielding Activations . | . . . . . . . . . Robots Disrupted . | . . . . . . . . . Combat Hostiles . | . . . . . . . . . Robots Corrupted 6 | . . . . 2 1 . 3 . Combat Hostiles 2 | . . . . 1 1 . . . Parts Fried 7 | . . . . 2 2 . 3 . Impact Corruptions 21 | . . . . 6 1 1 13 . Robots Melted . | . . . . . . . . . Combat Hostiles . | . . . . . . . . . Parts Melted 5 | . 1 . . . . . 4 . Heat Transferred 818 | . 818 . . . . . . . Parts Sabotaged . | . . . . . . . . . Parts Stolen . | . . . . . . . . . Parts Stripped . | . . . . . . . . . Power Chain Reactions . | . . . . . . . . . Alert | -11 -10 -10 -9 -9 -9 -8 -7 -7 ------- Run | Yrd Mat Min Mat Sto Gar Mat Fac Gar Maximum Alert Level 5 | . . . 1 4 5 3 2 3 Low Security (%) 40 | 100 100 100 31 8 . . 79 23 Level 1 14 | . . . 68 . . . 17 38 Level 2 5 | . . . . 14 . . 3 37 Level 3 24 | . . . . 53 14 100 . . Level 4 7 | . . . . 22 29 . . . Level 5 8 | . . . . . 56 . . . High Security . | . . . . . . . . . Max Security . | . . . . . . . . . Peak Influence 2012 | . 126 52 355 1473 2012 1058 415 717 Initial 980 | . . 7 . 131 850 980 415 4 Average 576 | . 51 7 235 916 1580 949 107 330 Influence Increases 6267 | . 397 102 723 1848 1292 779 213 913 Destroy 0b10 Robot/C 3620 | . 260 80 500 880 760 500 100 540 Destroy 0b10 Robot/NC 180 | . 35 . 25 85 . 15 20 . Destroy Leader 680 | . 46 20 118 230 40 142 54 30 Allied During Kill 591 | . . . . 501 90 . . . Successful Hack 195 | . 24 . 55 13 14 51 38 . Disable Machine 90 | . 15 . . 60 . 15 . . Anti-Garrison Action 400 | . . . . . 200 . . 200 Destroy Structure 391 | . 2 2 10 79 128 26 1 143 Partial Spotted 15 | . 15 . . . . . . . Lose Combat Pursuer 105 | . . . 15 . 60 30 . . Influence Decreases 5580 | . 377 122 410 852 589 1878 1119 233 Entered New Map 2187 | . . 13 . 182 459 1032 498 3 Time Decay 2273 | . 377 109 390 440 . 506 451 . Lost Part 380 | . . . 20 . 70 40 20 230 Lost Ally 140 | . . . . 80 60 . . . Purge Threat 600 | . . . . 150 . 300 150 . Squads Dispatched 18 | . . . 2 9 . 2 5 . Investigation 3 | . . . . 1 . 1 1 . Extermination 3 | . . . . . . . 3 . Reinforcement 7 | . . . 2 3 . 1 1 . Assault 4 | . . . . 4 . . . . Garrison 1 | . . . . 1 . . . . Intercept . | . . . . . . . . . Searches Triggered . | . . . . . . . . . Construction Impeded . | . . . . . . . . . Haulers Reinforced . | . . . . . . . . . Active Scanning Responses . | . . . . . . . . . Cargo Convoy Interrupts . | . . . . . . . . . Stealth | -11 -10 -10 -9 -9 -9 -8 -7 -7 --------- Run | Yrd Mat Min Mat Sto Gar Mat Fac Gar Distress Signals 10 | . 3 . 1 2 . 4 . . Communications Jammed . | . . . . . . . . . Distress Signals . | . . . . . . . . . Times Spotted 233 | . 21 4 37 47 39 36 14 35 Peak Tracking Total 10 | . 3 2 5 7 10 6 3 7 Tactical Retreats 6 | . . . 1 . 3 2 . . Traps | -11 -10 -10 -9 -9 -9 -8 -7 -7 ------- Run | Yrd Mat Min Mat Sto Gar Mat Fac Gar Traps Triggered 12 | . . . 1 1 2 2 2 4 Indirectly . | . . . . . . . . . Trap Hack Attempts . | . . . . . . . . . Triggered . | . . . . . . . . . Disarmed . | . . . . . . . . . Reprogrammed . | . . . . . . . . . Reused . | . . . . . . . . . Traps Extracted . | . . . . . . . . . Installed . | . . . . . . . . . Triggered . | . . . . . . . . . Machines | -11 -10 -10 -9 -9 -9 -8 -7 -7 ---------- Run | Yrd Mat Min Mat Sto Gar Mat Fac Gar Machines Disabled 11 | . 2 . . 4 . 1 . 4 Max in Single Turn 1 | . 1 . . 1 . 1 . 1 Garrison Relay 2 | . . . . . . . . 2 Phase Generator 1 | . . . . . . . . 1 Machines Repaired . | . . . . . . . . . Machines Dismantled . | . . . . . . . . . Machines Sabotaged . | . . . . . . . . . Overloaded Fab Kills . | . . . . . . . . . Hacking | -11 -10 -10 -9 -9 -9 -8 -7 -7 --------- Run | Yrd Mat Min Mat Sto Gar Mat Fac Gar Machines Accessed 49 | . 7 . 9 7 3 11 11 1 Terminals 40 | . 7 . 7 6 3 10 6 1 Fabricators 3 | . . . . . . . 3 . Repair Stations . | . . . . . . . . . Recycling Units 1 | . . . 1 . . . . . Scanalyzers 3 | . . . 1 . . 1 1 . Garrison Access 2 | . . . . 1 . . 1 . Total Hacks 145 | . 26 . 22 18 7 42 28 2 Successful 73 | . 14 . 11 10 1 21 16 . Failed 71 | . 12 . 11 8 6 20 12 2 Catastrophic 16 | . 1 . 1 2 3 4 4 1 Database Lockouts 1 | . . . . . . 1 . . Manual 88 | . 14 . 18 12 . 25 19 . Terminals 125 | . 26 . 19 17 7 39 15 2 Fabricators 3 | . . . . . . . 3 . Repair Stations . | . . . . . . . . . Recycling Units 1 | . . . 1 . . . . . Scanalyzers 7 | . . . 2 . . 3 2 . Garrison Access 9 | . . . . 1 . . 8 . Terminal Hacks 24 | . 6 . . 4 1 10 3 . Robot Analysis 1 | . . . . . . . 1 . Prototype ID Bank 1 | . 1 . . . . . . . Branch Access Points 1 | . . . . . . 1 . . Emergency Access Points 2 | . . . . . 1 1 . . Terminal Index 4 | . 1 . . 1 . 1 1 . Scanalyzer Index 1 | . 1 . . . . . . . Alert Level 5 | . . . . 2 . 3 . . Unreport Threat 4 | . . . . 1 . 2 1 . Locate Traps 1 | . 1 . . . . . . . Hauler Manifests 2 | . 1 . . . . 1 . . Registered Components 1 | . 1 . . . . . . . Zone Layout 1 | . . . . . . 1 . . Fabricator Hacks 1 | . . . . . . . 1 . Build 1 | . . . . . . . 1 . Repair Station Hacks . | . . . . . . . . . Recycling Unit Hacks . | . . . . . . . . . Scanalyzer 5 | . . . 2 . . 2 1 . Retrieve Study 5 | . . . 2 . . 2 1 . Garrison Access Hacks 3 | . . . . 1 . . 2 . Unlock Access 2 | . . . . 1 . . 1 . Coupler Status 1 | . . . . . . . 1 . Unauthorized Hacks 39 | . 8 . 8 5 . 9 9 . Terminals 35 | . 8 . 7 5 . 9 6 . Assimilate 1 | . . . . . . 1 . . Botnet 5 | . 2 . 1 . . 1 1 . Operators 2 | . . . 1 . . 1 . . Skim 27 | . 6 . 5 5 . 6 5 . Fabricators . | . . . . . . . . . Repair Stations . | . . . . . . . . . Recycling Units 1 | . . . 1 . . . . . Mask 1 | . . . 1 . . . . . Scanalyzers . | . . . . . . . . . Garrison Access 3 | . . . . . . . 3 . Broadcast 1 | . . . . . . . 1 . Intercept 1 | . . . . . . . 1 . Watchers 1 | . . . . . . . 1 . Data Cores Recovered . | . . . . . . . . . Used . | . . . . . . . . . Hacking Detections 47 | . 7 . 9 6 3 10 11 1 Full Trace Events 7 | . . . . 2 2 1 1 1 Feedback Events . | . . . . . . . . . Feedback Blocked . | . . . . . . . . . Robot Schematics Acquired . | . . . . . . . . . Robots Built . | . . . . . . . . . Authchips . | . . . . . . . . . Time . | . . . . . . . . . Total Robot Build Rating . | . . . . . . . . . Part Schematics Acquired . | . . . . . . . . . Parts Built 2 | . . . . . . . 2 . Authchips . | . . . . . . . . . Time 84 | . . . . . . . 84 . Total Part Build Rating 8 | . . . . . . . 8 . Part Studies Acquired 5 | . . . 2 . . 2 1 . Parts Repaired . | . . . . . . . . . Time . | . . . . . . . . . Parts Recycled . | . . . . . . . . . Recycled Matter . | . . . . . . . . . Retrieved Matter . | . . . . . . . . . Retrieved Components . | . . . . . . . . . Parts Scanalyzed . | . . . . . . . . . Part Schematics Acquired . | . . . . . . . . . Parts Damaged . | . . . . . . . . . Bothacking | -11 -10 -10 -9 -9 -9 -8 -7 -7 ------------ Run | Yrd Mat Min Mat Sto Gar Mat Fac Gar Used RIF Installer 2 | . . . . . 1 . . 1 Zone Cloak 1 | . . . . . . . . 1 Robots Hacked 1 | . . . . . . . . 1 Non-combat . | . . . . . . . . . Combat 1 | . . . . . . . . 1 Robot Hacks Applied 1 | . . . . . . . . 1 parse_system 1 | . . . . . . . . 1 Relay Couplers Released 9 | . . . . . . . . 9 Machine Destruction 9 | . . . . . . . . 9 Fabnet Peak Effective % . | . . . . . . . . . Robots Rewired . | . . . . . . . . . Allies Hacked . | . . . . . . . . . Hacks Repelled . | . . . . . . . . . Allies | -11 -10 -10 -9 -9 -9 -8 -7 -7 -------- Run | Yrd Mat Min Mat Sto Gar Mat Fac Gar Total Allies 12 | . . . . 12 . . . . Largest Group 12 | . . . . 12 5 . . . Highest-Rated Group 150 | . . . . 150 86 . . . Highest-Rated Ally 31 | . . . . 31 31 . . . Total Orders . | . . . . . . . . . Ally Attacks 217 | . . . . 153 64 . . . Total Damage 2327 | . . . . 1561 766 . . . Kills 39 | . . . . 28 11 . . . Allies Corrupted . | . . . . . . . . . Allies Melted . | . . . . . . . . . Intel | -11 -10 -10 -9 -9 -9 -8 -7 -7 ------- Run | Yrd Mat Min Mat Sto Gar Mat Fac Gar Active Infowar (turns) 2472 | . . . . . . 1023 1313 136 Terrain 1134 | . . . . . . . 998 136 Structural 1338 | . . . . . . 1023 315 . Robot Analysis Total 1 | . . . . . . . 1 . Derelict Logs Recovered 3 | . . 3 . . . . . . Drone Launches . | . . . . . . . . . Drone Recoveries . | . . . . . . . . . Exploration | -11 -10 -10 -9 -9 -9 -8 -7 -7 ------------- Run | Yrd Mat Min Mat Sto Gar Mat Fac Gar Turns Passed 8833 | 70 1167 657 1030 1091 1312 1371 1316 819 Spaces Moved 4787 | 43 629 382 432 545 693 728 936 399 Core 12 | 10 . . . . . 2 . . Treads 2981 | 33 629 382 432 545 693 267 . . Legs 1794 | . . . . . . 459 936 399 Wheels . | . . . . . . . . . Hover . | . . . . . . . . . Flight . | . . . . . . . . . Fastest Speed 50 | 50 160 160 160 160 160 120 125 125 Average Speed 148 | 134 160 160 160 160 160 140 126 141 Slowest Speed 550 | 160 160 160 160 160 160 550 130 200 Overloaded Moves . | . . . . . . . . . Propulsion Burnouts . | . . . . . . . . . Robots Hopped . | . . . . . . . . . Potential Cave-ins 1 | . . . . 1 . . . . Cave-ins Triggered . | . . . . . . . . . Exploration Rate (%) 62 | 4 87 89 53 89 84 65 31 60 Regions Visited 8 Branch Regions 2 Pre-discovered Areas 10 | . 1 1 4 . . 2 2 . Known Exits Taken 6 | . 1 1 1 1 . 1 1 . Unknown Exits Taken 1 | 1 . . . . . . . . Scrap Searched 1 | . . 1 . . . . . . Spaces Dug 40 | . 1 . . 6 30 2 1 . Terrain Destroyed 417 | . 2 2 3 115 84 24 1 186 Melee 9 | . . . . 6 . 2 1 . Projectile 8 | . 2 2 3 . . . . 1 AOE 400 | . . . . 109 84 22 . 185 Terrain Rammed . | . . . . . . . . . Walls Destroyed . | . . . . . . . . . Machines Disabled . | . . . . . . . . . Actions | -11 -10 -10 -9 -9 -9 -8 -7 -7 --------- Run | Yrd Mat Min Mat Sto Gar Mat Fac Gar Total 5790 | 52 711 409 652 654 781 948 1046 537 Wait 224 | . 6 13 114 6 3 55 24 3 Move 4778 | 42 628 381 431 544 691 727 935 399 Hop . | . . . . . . . . . Pick Up 92 | 4 12 . 10 5 6 22 18 15 Fast Attach 33 | 6 1 . 1 1 1 11 2 10 Attach 21 | . . . 3 . 5 2 2 9 Detach . | . . . . . . . . . Swap 93 | . 8 1 8 19 8 19 13 17 Drop 100 | . 10 1 13 13 4 24 24 11 Fire 333 | . 40 9 61 48 49 67 12 47 Melee 78 | . . . . 13 14 14 11 26 Ram . | . . . . . . . . . Kick 8 | . . . . . . 3 5 . Crush 30 | . 6 4 11 5 . 4 . . Escape Stasis . | . . . . . . . . . Rewire . | . . . . . . . . . Trap . | . . . . . . . . . Miscellaneous . | . . . . . . . . . Route ------- -11/Scrapyard -10/Materials (discovered 6 exits: *Mat x3 / *Min x2 / Sub) -10/Mines (discovered 3 exits: *Mat x2 / [*Exi]) -9/Materials (discovered 6 exits: Mat x3 / [*Min] / *Sto x2) -9/Storage (discovered 2 exits: *Mat / Gar) -9/Garrison (discovered 3 exits: *Mat x3) -8/Materials (discovered 3 exits: *Fac x3) -7/Factory (discovered 3 exits: [*Fac] / [*Low] / Gar) -7/Garrison (discovered 1 exit: [*Fac]) History --------- Turn | Location | Event 27 | -11/Scrapyard | Discovered new exit (range 14) 71 | -11/Scrapyard | Entered Materials 241 | -10/Materials | Discovered new exit (range 16) 320 | -10/Materials | Build established: Mutant 585 | -10/Materials | Discovered new exit (range 14) 658 | -10/Materials | Discovered new exit (range 16) 715 | -10/Materials | Identified exit to Materials 783 | -10/Materials | Identified exit to Mines 783 | -10/Materials | Identified exit to Subcaves 840 | -10/Materials | Loaded intel: 17 trap records 922 | -10/Materials | Learned Storage trap positions 1025 | -10/Materials | Learned location of Mines (-10) 1238 | -10/Materials | Entered Mines 1518 | -10/Mines | Learned Materials emergency access door positions 1822 | -10/Mines | Learned location of Storage (-9) 1825 | -10/Mines | Learned Materials emergency access door positions 1867 | -10/Mines | Discovered exit to Materials (range 5) 1886 | -10/Mines | Deemed a non-threat by the Exiles lab entrance 1886 | -10/Mines | Discovered new exit (range 5) 1895 | -10/Mines | Entered Materials 1895 | -9/Materials | Evolved 2 slots: Propulsion x2 1896 | -9/Materials | Identified exit to Storage 2594 | -9/Materials | Discovered new exit (range 14) 2659 | -9/Materials | Learned 4 Materials zone layouts 2750 | -9/Materials | Identified exit to Materials 2780 | -9/Materials | Loaded intel: 22 trap records 2798 | -9/Materials | Learned 2 Materials zone layouts 2862 | -9/Materials | Learned location of 1 exit from Recycling 2925 | -9/Materials | Entered Storage 2926 | -9/Storage | Loaded intel: 26 trap records 2951 | -9/Storage | Met a pair of Derelict thieves 3049 | -9/Storage | Assisted by bots powering up and referring to "LRC-V3" 3278 | -9/Storage | Discovered exit to Materials (range 16) 3339 | -9/Storage | Build established: Commander-Mutant 3478 | -9/Storage | Core integrity fell below 50% 3725 | -9/Storage | First assault squad dispatched 3806 | -9/Storage | Destroyed 8 combat bots 3877 | -9/Storage | Garrison activated, responded to threat 4010 | -9/Storage | Identified exit to Garrison 4016 | -9/Storage | Entered Garrison 4016 | -9/Garrison | Accompanied by 5 allies 4034 | -9/Garrison | Triggered checkpoint 4254 | -9/Garrison | Discovered exit to Materials (range 10) 4284 | -9/Garrison | Build established: Mutant 4286 | -9/Garrison | Triggered checkpoint 4317 | -9/Garrison | P-60 Hacker assimilated allied GL-7IJ(g) 4488 | -9/Garrison | Triggered checkpoint 4530 | -9/Garrison | Triggered checkpoint 4645 | -9/Garrison | Discovered exit to Materials (range 10) 4756 | -9/Garrison | Lost 3 parts (1n2w) 4819 | -9/Garrison | Discovered exit to Materials (range 15) 5142 | -9/Garrison | Triggered checkpoint 5171 | -9/Garrison | Installed Relay Interface Framework 5232 | -9/Garrison | Triggered checkpoint 5328 | -9/Garrison | Entered Materials 5328 | -8/Materials | Evolved 2 slots: Utility x2 5329 | -8/Materials | Identified exit to Factory 5629 | -8/Materials | Central database locked down 6491 | -8/Materials | Learned location of 1 exit from Extension 6548 | -8/Materials | Learned location of Extension (-4) 6699 | -8/Materials | Entered Factory 6699 | -7/Factory | Evolved 2 slots: Power x1, Utility x1 6775 | -7/Factory | Allied Derelicts emerged from ambush trap array 6803 | -7/Factory | Fabricated Adv. Assault Cannon? 7333 | -7/Factory | Discovered new exit (range 16) 7528 | -7/Factory | Discovered new exit (range 8) 7582 | -7/Factory | Learned location of Lower Caves (-6) 7627 | -7/Factory | Learned Hub_04(d) stockpile data 7660 | -7/Factory | Learned location of Zion (-7) 7684 | -7/Factory | Learned 2 Extension zone layouts 7699 | -7/Factory | Learned 2 Extension zone layouts 7712 | -7/Factory | Learned Extension trap positions 7760 | -7/Factory | Learned Extension trap positions 7799 | -7/Factory | Learned location of 1 exit from Extension 8013 | -7/Factory | Identified exit to Garrison 8015 | -7/Factory | Entered Garrison 8061 | -7/Garrison | Triggered checkpoint 8096 | -7/Garrison | Discovered new exit (range 5) 8219 | -7/Garrison | Triggered checkpoint 8263 | -7/Garrison | Garrison Relay disabled 8293 | -7/Garrison | Expanded RIF knowledge: Zone Cloak 8429 | -7/Garrison | Triggered checkpoint 8465 | -7/Garrison | Core integrity fell below 50% 8501 | -7/Garrison | Lost 9 parts (2p4n2u1w) 8521 | -7/Garrison | Phase Generator disabled 8643 | -7/Garrison | Triggered checkpoint 8654 | -7/Garrison | Triggered checkpoint 8685 | -7/Garrison | Core integrity fell below 20% 8722 | -7/Garrison | Lost 8 parts (3n3u2w) 8823 | -7/Garrison | Triggered checkpoint 8825 | -7/Garrison | Garrison Relay disabled 8834 | -7/Garrison | Destroyed by Y-54 Guardian with Flak Gun Last Messages --------------- 08825_ Garrison Relay disabled. 08825_ Relay Coupler [NC] tumbles out of relay unit. 08825_ Relay Coupler [Grunt] tumbles out of relay unit. 08825_ Relay Coupler [Brawler] tumbles out of relay unit. 08825_ Relay Coupler [Sentry] tumbles out of relay unit. 08825_ Relay Coupler [Duelist] tumbles out of relay unit. 08827_ S-27 Virus destroyed. 08829_ Destroyed Lgt. Nuclear Core. 08831_ Lgt. Nuclear Core destroyed. 08831_ Missile Launcher destroyed. 08832_ The unstable cave ceiling collapses. 08832_ L-41 Fighter crushed by falling debris. 08832_ L-41 Fighter system corrupted by crushing effect. 08832_ The unstable cave ceiling collapses. Map ----- +----------------------------------------------------+ | | | | | | | | | | | | | | | ?????????????????????????????????????????????????? | | ?????????????????????????????????????????????????? | | ?????????????????????????????????????????????????? | | ?????????????????????????????????????????????????? | | ?????????????????????????????????????????????????? | | ?????????????????????????????????????????????????? | | ?????????????????????????????????????????????????? | | ?????????????????????????????????????????????????? | | ?????????????????????????????????????????????????? | | ???????????????????????????????????????????????### | | ???????????????????????????????????????????????#"" | | ???????????????????????????????????????????????#"! | | ???????????????????????????????????????????????#"/ | | ???????????????????????????????????????????????#"! | | ?????????????????????##?#######????????????????#" | | ?????????????????# ??# #"!"""#????????????????#"= | | ?????????????##### # ##!! ###???????????????#"! | | ????????????# Y l !! #???????????????#" | | ????????????# = s@ #???????????????#"" | | ????????????# ### # # #???????????????### | | ????????????????# # #?????????????????? | | ???????????????## # # # #?????????????????# | | ????????????? g #?????????????????# | | ????????????? g #?????????????????# | | ????????????? #?????????????????# | | ????????????######### # # #?????????????????? | | ????????????????????######## #?????????????????? | | ???????????????????????????# #?????????????????? | | ???????????????????????????# #?????????????????? | | ???????????????????????????# #?????????????????? | | ???????????????????????????# #?????????????????? | | ???????????????????????????# #?????????????????# | | ???????????????????????????# #?????????????????# | | ???????????????????????????# ############??????# | | ???????????????????????????# #??????# | | ???????????????????????????# ^^ #??????# | | ???????????????????????????# ^^### ##### #??????# | | ???????????????????????????# #?# #???# #??????# | | ???????????????????????????# #?# #???# #??????# | | ???????????????????????????# #?# #???# #??????# | | ???????????????????????????# #?# #???# ######## | | ???????????????????????????# #?# #?### ## %=## | | ???????????????????????????# ### ###T# ## =## | +----------------------------------------------------+ Best States ------------- Heat Dissipation 67 Energy Generation 26 Energy Capacity 350 Matter Stores 300 Matter Capacity 300 Sight Range 16 Terrain Scan Range 16 Terrain Scan Density 10 Armor Coverage 300 Resistance: EX 50 Evasion (%) 60 Targeting Accuracy 6 Recoil Reduction 4 Offensive Hacking 10 Item Schematics ----------------- None Robot Schematics ------------------ None Fabricated ------------ Adv. Assault Cannon | x2 | -7/Factory | Preloaded Repaired ---------- Nothing Studied --------- Imp. Light Cannon | -9/Materials | Hacked Lgt. Treads | -9/Materials | Hacked Shotgun | -8/Materials | Hacked Mni. Grenade Launcher | -8/Materials | Hacked Imp. Datajack | -7/Factory | Hacked Alien Tech Used ----------------- None Achievements -------------- Join The Dark Side You Will Be Upgraded Challenges ------------ None Game ------ Seed ConstructBackupChargecaster Manual? 0 Play Time 00:58:15 Cumulative 121.5 hours Start 2025.11.04 @ 20:54:54 End 2025.11.04 @ 21:59:27 Sessions 1 Manual Loads 0 Difficulty Rogue Special Mode None Game No. 312 Rogue 310 Adventurer 2 Explorer 0 Win Type - Total 1 Types 1/0/0/0/0/0/0/0/0/0 Lore% 79 Gallery% 61 Achievement% 39 Wizard Run 0 Options --------- Layout 2 ASCII 0 Keyboard 0 Movement Numpad Keybinds 0 Fullscreen 2 Font 24/Smallcaps Map View 50x44 Zoom Use 0% Tactical HUD 1 Map Filters NONE Filters NONE Steam 1 RUN: 42808f12-d14d-46ed-86d3-17ba72f89a82